General information
- name: BNet
- type: Ladder team game (AT/RT)
- host: Battle.net
- saver: Liko
map: Deadlands
- players: 8
- length: 15:08
- speed: Fast
- version: 1.26 W3XP
- replay type: Public
» download(138 KB)
Players
team 1 (winner)
jello21 (
green | 94 APM | 1419 actions | 15:07)
3 Archmage
2 Summon Water Elemental
1 Brilliance Aura
2 Mountain King
1 Storm Bolt
1 Bash
2 Paladin
1 Holy Light
1 Divine Shield
» actions
| Assign group hotkey | 28 | |
| Basic commands | 41 | |
| Build / train | 69 | |
| ESC pressed | 2 | |
| Enter build submenu | 33 | |
| Enter hero's abilities submenu | 7 | |
| Give item / drop item | 1 | |
| Right click | 460 | |
| Select / deselect | 304 | |
| Select group hotkey | 425 | |
| Use ability | 49 | |
1419 total
» units
| Peasant | 21 | |
| Footman | 5 | |
| Gryphon Rider | 9 | |
35 total
» upgrades
| Masonry | 3 | |
| Lumber Harvesting | 2 | |
| Swords | 3 | |
| Armor | 3 | |
| Animal War Training | 1 | |
| Storm Hammers | 1 | |
13 total
» buildings
| Barracks | 1 | |
| Farm | 10 | |
| Altar of Kings | 1 | |
| Town Hall | 1 | |
| Lumber Mill | 1 | |
| Arcane Vault | 1 | |
| Scout Tower | 9 | |
| Keep | 1 | |
| Guard Tower | 8 | |
| Blacksmith | 1 | |
| Gryphon Aviary | 4 | |
| Castle | 1 | |
39 total
» build order
00:11 Barracks
00:15 Farm
00:46 Altar of Kings
00:56 Farm
01:39 Farm
02:25 Farm
03:49 Town Hall
04:26 Lumber Mill
04:50 Arcane Vault
04:54 Scout Tower
05:19 Keep
05:23 Scout Tower
05:59 Guard Tower
06:00 Scout Tower
06:26 Scout Tower
06:30 Scout Tower
06:32 Blacksmith
07:10 Guard Tower
07:12 Scout Tower
07:31 Guard Tower
07:34 Scout Tower
07:35 Scout Tower
07:37 Guard Tower
07:49 Gryphon Aviary
08:03 Guard Tower
08:03 Guard Tower
08:10 Guard Tower
08:13 Scout Tower
08:33 Castle
09:11 Gryphon Aviary
09:37 Gryphon Aviary
10:15 Gryphon Aviary
10:32 Guard Tower
10:39 Farm
10:43 Farm
11:36 Farm
12:17 Farm
12:41 Farm
12:55 Farm
» items
BURNINGLEGION85 (
pink | 135 APM | 2043 actions | 15:07)
4 Far Seer
2 Feral Spirit
2 Chain Lighting
2 Tauren Chieftain
1 Shockwave
1 Endurance Aura
» actions
| Assign group hotkey | 40 | |
| Basic commands | 13 | |
| Build / train | 63 | |
| ESC pressed | 4 | |
| Enter build submenu | 13 | |
| Enter hero's abilities submenu | 6 | |
| Give item / drop item | 1 | |
| Right click | 1003 | |
| Select / deselect | 325 | |
| Select group hotkey | 483 | |
| Use ability | 92 | |
2043 total
» units
| Peon | 16 | |
| Grunt | 6 | |
| Wind Rider | 7 | |
| Troll Batrider | 6 | |
35 total
» upgrades
| Envenomed Spears | 1 | |
| Ranged Weapons | 1 | |
| Liquid Fire | 1 | |
3 total
» buildings
| Altar of Storms | 2 | |
| Orc Burrow | 4 | |
| Barracks | 1 | |
| Voodoo Lounge | 1 | |
| Stronghold | 1 | |
| Great Hall | 1 | |
| Beastiary | 3 | |
| War Mill | 1 | |
| Fortress | 3 | |
17 total
» build order
00:02 Altar of Storms
00:06 Altar of Storms
00:19 Orc Burrow
00:36 Barracks
01:34 Orc Burrow
02:16 Voodoo Lounge
03:14 Stronghold
04:34 Great Hall
05:00 Orc Burrow
05:47 Beastiary
05:48 Beastiary
05:53 War Mill
07:27 Fortress
07:27 Fortress
09:33 Orc Burrow
13:37 Beastiary
» items
| Healing Salve | 2 | |
| Lesser Clarity Potion | 1 | |
| Scroll of Speed | 1 | |
| Scroll of Town Portal | 1 | |
| Potion of Healing | 1 | |
| Potion of Mana | 1 | |
| Scroll of Healing | 1 | |
8 total

»
Manolete (
purple | 113 APM | 1714 actions | 15:07)
4 Demon Hunter
2 Immolation
2 Evasion
2 Priestess of the Moon
1 Trueshot Aura
1 Scout
» actions
| Assign group hotkey | 16 | |
| Basic commands | 182 | |
| Build / train | 104 | |
| Enter build submenu | 10 | |
| Enter hero's abilities submenu | 6 | |
| Give item / drop item | 1 | |
| Right click | 316 | |
| Select / deselect | 343 | |
| Select group hotkey | 706 | |
| Use ability | 30 | |
1714 total
» units
» upgrades
| Strength of the Wild | 3 | |
| Reinforced Hides | 2 | |
| Ultravision | 1 | |
| Abolish Magic | 1 | |
7 total
» buildings
| Moon Well | 8 | |
| Altar of Elders | 1 | |
| Tree of Ages | 2 | |
| Hunter's Hall | 1 | |
| Ancient of Lore | 2 | |
| Tree of Eternity | 4 | |
| Tree of Life | 1 | |
19 total
» build order
00:08 Moon Well
00:09 Altar of Elders
01:00 Moon Well
01:44 Moon Well
02:14 Tree of Ages
02:14 Tree of Ages
02:54 Hunter's Hall
04:42 Ancient of Lore
04:43 Ancient of Lore
05:07 Moon Well
05:11 Moon Well
05:13 Moon Well
08:51 Tree of Eternity
08:51 Tree of Eternity
08:51 Tree of Eternity
09:54 Moon Well
09:56 Moon Well
10:43 Tree of Life
» items
| Scroll of Regeneration | 1 | |
| Scroll of Town Portal | 1 | |
2 total
Liko (
blue | 73 APM | 1105 actions | 15:08)
2 Death Knight
1 Death Coil
1 Unholy Aura
2 Dark Ranger
1 Silence
1 Life Drain
1 Pit Lord
1 Howl of Terror
» actions
| Assign group hotkey | 33 | |
| Basic commands | 70 | |
| Build / train | 45 | |
| ESC pressed | 4 | |
| Enter build submenu | 23 | |
| Enter hero's abilities submenu | 5 | |
| Give item / drop item | 2 | |
| Right click | 306 | |
| Select / deselect | 256 | |
| Select group hotkey | 298 | |
| Use ability | 63 | |
1105 total
» units
| Acolyte | 3 | |
| Ghoul | 4 | |
| Crypt Fiend | 8 | |
15 total
» upgrades
» buildings
| Graveyard | 1 | |
| Crypt | 2 | |
| Altar of Darkness | 3 | |
| Ziggurat | 7 | |
| Tomb of Relics | 2 | |
| Halls of the Dead | 1 | |
| Necropolis | 2 | |
| Black Citadel | 1 | |
| Nerubian Tower | 6 | |
| Sacrificial Pit | 1 | |
26 total
» build order
00:12 Graveyard
00:26 Crypt
00:47 Altar of Darkness
01:04 Ziggurat
01:42 Tomb of Relics
02:06 Ziggurat
03:46 Halls of the Dead
04:23 Necropolis
04:44 Necropolis
05:37 Ziggurat
07:19 Black Citadel
07:48 Ziggurat
07:56 Ziggurat
08:52 Nerubian Tower
08:52 Nerubian Tower
09:56 Nerubian Tower
10:39 Altar of Darkness
10:47 Altar of Darkness
11:01 Sacrificial Pit
11:18 Ziggurat
12:32 Crypt
12:54 Nerubian Tower
13:32 Nerubian Tower
13:48 Ziggurat
14:34 Tomb of Relics
» items
| Rod of Necromancy | 1 | |
| Sacrificial Skull | 3 | |
| Scroll of Town Portal | 3 | |
| Orb of Corruption | 1 | |
| Boots of Speed | 3 | |
11 total
team 2 (loser)

»
lsX- (
teal | 111 APM | 1676 actions | 15:05)
3 Blademaster
2 Wind Walk
1 Critical Strike
2 Shadow Hunter
1 Hex
1 Healing Wave
1 Tauren Chieftain
1 War Stomp
1 Death Knight
1 Unholy Aura
» actions
| Assign group hotkey | 33 | |
| Build / train | 62 | |
| ESC pressed | 1 | |
| Enter build submenu | 12 | |
| Enter hero's abilities submenu | 7 | |
| Give item / drop item | 3 | |
| Right click | 938 | |
| Select / deselect | 196 | |
| Select group hotkey | 347 | |
| Use ability | 77 | |
1676 total
» units
| Peon | 7 | |
| Grunt | 6 | |
| Troll Batrider | 8 | |
| Acolyte | 9 | |
| Crypt Fiend | 2 | |
| Raider | 1 | |
33 total
» upgrades
| Ranged Weapons | 1 | |
| Liquid Fire | 1 | |
| Ensnare | 1 | |
3 total
» buildings
| Altar of Storms | 1 | |
| Orc Burrow | 5 | |
| Barracks | 1 | |
| Voodoo Lounge | 1 | |
| Stronghold | 3 | |
| Beastiary | 2 | |
| Fortress | 2 | |
| War Mill | 1 | |
16 total
» build order
00:25 Altar of Storms
00:38 Orc Burrow
00:54 Barracks
01:54 Orc Burrow
02:04 Voodoo Lounge
02:48 Stronghold
02:48 Stronghold
03:50 Orc Burrow
04:36 Orc Burrow
05:27 Beastiary
05:30 Beastiary
06:13 Fortress
06:13 Fortress
07:13 Orc Burrow
07:58 War Mill
» items
| Healing Salve | 4 | |
| Orb of Lightning | 1 | |
| Lesser Clarity Potion | 1 | |
6 total

»
Nani (
yellow | 54 APM | 511 actions | 09:24)
3 Death Knight
2 Death Coil
1 Unholy Aura
» actions
| Assign group hotkey | 9 | |
| Basic commands | 29 | |
| Build / train | 25 | |
| ESC pressed | 1 | |
| Enter build submenu | 9 | |
| Enter hero's abilities submenu | 3 | |
| Right click | 225 | |
| Select / deselect | 141 | |
| Select group hotkey | 40 | |
| Use ability | 29 | |
511 total
» units
| Acolyte | 6 | |
| Ghoul | 3 | |
| Crypt Fiend | 5 | |
14 total
» buildings
| Crypt | 1 | |
| Graveyard | 1 | |
| Ziggurat | 3 | |
| Altar of Darkness | 1 | |
| Tomb of Relics | 1 | |
| Nerubian Tower | 1 | |
| Necropolis | 1 | |
| Halls of the Dead | 1 | |
| Spirit Tower | 1 | |
11 total
» build order
00:15 Crypt
00:22 Graveyard
00:45 Ziggurat
00:58 Altar of Darkness
01:41 Ziggurat
02:13 Tomb of Relics
03:40 Nerubian Tower
04:19 Ziggurat
05:24 Necropolis
05:27 Halls of the Dead
06:46 Spirit Tower
» items
| Rod of Necromancy | 2 | |
| Potion of Healing | 1 | |
| Healing Salve | 1 | |
4 total

»
TROLOLOLOL (
red | 53 APM | 795 actions | 15:06)
3 Death Knight
2 Death Coil
1 Unholy Aura
1 Lich
1 Frost Nova
» actions
| Assign group hotkey | 17 | |
| Basic commands | 11 | |
| Build / train | 46 | |
| ESC pressed | 2 | |
| Enter build submenu | 23 | |
| Enter hero's abilities submenu | 4 | |
| Give item / drop item | 2 | |
| Right click | 421 | |
| Select / deselect | 150 | |
| Select group hotkey | 80 | |
| Use ability | 39 | |
795 total
» units
| Acolyte | 15 | |
| Ghoul | 4 | |
| Crypt Fiend | 9 | |
| Gargoyle | 2 | |
| Frost Wyrm | 1 | |
31 total
» upgrades
» buildings
| Crypt | 1 | |
| Graveyard | 1 | |
| Ziggurat | 9 | |
| Altar of Darkness | 2 | |
| Tomb of Relics | 1 | |
| Nerubian Tower | 1 | |
| Halls of the Dead | 1 | |
| Necropolis | 2 | |
| Black Citadel | 1 | |
| Sacrificial Pit | 1 | |
| Spirit Tower | 1 | |
| Boneyard | 1 | |
22 total
» build order
00:13 Crypt
00:24 Graveyard
00:43 Ziggurat
01:09 Altar of Darkness
01:27 Tomb of Relics
01:37 Nerubian Tower
02:13 Ziggurat
03:46 Ziggurat
05:48 Halls of the Dead
06:07 Necropolis
08:19 Black Citadel
08:27 Ziggurat
08:30 Ziggurat
09:24 Altar of Darkness
09:25 Sacrificial Pit
10:16 Spirit Tower
10:18 Ziggurat
10:20 Ziggurat
11:27 Boneyard
12:27 Ziggurat
12:28 Ziggurat
14:30 Necropolis
» items
| Rod of Necromancy | 1 | |
| Scroll of Town Portal | 1 | |
2 total
solarc (
orange | 73 APM | 1099 actions | 15:02)
2 Tauren Chieftain
1 Endurance Aura
1 Shockwave
1 Shadow Hunter
1 Hex
» actions
| Assign group hotkey | 10 | |
| Basic commands | 45 | |
| Build / train | 59 | |
| Enter build submenu | 13 | |
| Enter hero's abilities submenu | 3 | |
| Give item / drop item | 3 | |
| Remove unit from queue | 1 | |
| Right click | 377 | |
| Select / deselect | 257 | |
| Select group hotkey | 279 | |
| Use ability | 52 | |
1099 total
» units
| Peon | 12 | |
| Grunt | 5 | |
| Spirit Walker | 2 | |
| Troll Headhunter/Berserker | 3 | |
| Tauren | 4 | |
26 total
» upgrades
| Armor | 1 | |
| Pillage | 1 | |
| Shaman Training | 0 | |
| Spirit Walker Training | 2 | |
| Berserker Upgrade | 1 | |
| Pulverize | 1 | |
6 total
» buildings
| Altar of Storms | 1 | |
| Orc Burrow | 6 | |
| Barracks | 1 | |
| Voodoo Lounge | 1 | |
| War Mill | 1 | |
| Stronghold | 1 | |
| Spirit Lodge | 1 | |
| Fortress | 1 | |
| Tauren Totem | 2 | |
15 total
» build order
00:23 Altar of Storms
00:31 Orc Burrow
00:37 Barracks
01:40 Orc Burrow
01:57 Voodoo Lounge
02:12 War Mill
03:18 Stronghold
04:13 Orc Burrow
05:03 Orc Burrow
06:21 Spirit Lodge
06:48 Fortress
08:28 Orc Burrow
09:45 Tauren Totem
11:07 Tauren Totem
13:16 Orc Burrow
» items
| Healing Salve | 3 | |
| Scroll of Speed | 6 | |
| Scroll of Town Portal | 1 | |
| Orb of Lightning | 1 | |
11 total
Chat log
(00:03 / All) lsX-: idle?
(00:10 / All) lsX-: green
(00:13 / Allies) Manolete: dryads
(00:19 / Allies) Liko: can we pls win
(00:21 / All) jello21: me? id rather not
(00:26 / All) lsX-: okay
(00:40 / Allies) Liko: oh
(00:42 / Allies) Liko: he bsed me
(00:49 / Allies) Liko: why?
(01:18 / All) Liko: why did u bs me
(01:22 / All) lsX-: you suck
(01:22 / All) Liko: that one day
(01:23 / All) lsX-: and annoy me
(01:25 / All) Liko: lol
(01:31 / All) Liko: confirmed for 12
(01:38 / All) lsX-: 5,00,000 and still complete garbage
(01:45 / All) lsX-: sorry man
(01:46 / All) lsX-: good kid but
(01:49 / All) Liko: w/e u say bro
(01:49 / All) lsX-: you know
(01:55 / Allies) jello21: what does confirmed for 12 mean
(01:59 / All) lsX-: i mean i'd still date you but
(02:02 / All) Liko: confirmed for 12 y o
(02:07 / All) lsX-: what
(02:16 / All) Liko: to bs for that
(02:20 / All) lsX-: okay
(03:16 / Allies) Manolete: help green?
(03:24 / Allies) jello21: i dont care
(05:33 / Allies) Manolete: dk
(05:35 / Allies) Manolete: dkk
(05:47 / Allies) Liko: unh 1
(05:59 / Allies) BURNINGLEGION85: omw
(07:20 / Allies) Manolete: lol
(08:45 / Allies) Manolete: ...
(09:04 / Allies) Manolete: b
(09:04 / Allies) Manolete: b
(09:04 / Allies) Manolete: b
(09:21 / Allies) Manolete: go tp!!
(09:44 / All) Manolete: lol
(09:44 / Allies) jello21: make towers
(09:46 / All) Manolete: gg??
(10:34 / Allies) Liko: ty
(11:07 / Allies) jello21: anyone have lumber
(11:38 / All) Manolete: ........
(12:24 / Allies) BURNINGLEGION85: just be careful guys
(12:25 / Allies) Manolete: ok
(12:26 / Allies) BURNINGLEGION85: ill go split hit
(12:55 / Allies) BURNINGLEGION85: need frosts
(12:59 / Allies) BURNINGLEGION85: or griff
(13:32 / Allies) BURNINGLEGION85: stay b
(13:38 / Allies) Manolete: tp??
(13:45 / Allies) BURNINGLEGION85: tp
(13:46 / Allies) Manolete: ??
(14:07 / Allies) Manolete: wtf
(14:19 / Allies) BURNINGLEGION85: chase